 Dungeon Crawl Stone Soup version 0.25-a0-700-g7f8a797 (webtiles) character file.

Game seed: 8588424264765596222, levelgen mode: deterministic

46 Charmandara the Conjurer (level 3, -1/26 HPs)
             Began as a Draconian Wizard on Apr 3, 2020.
             Was an Initiate of Gozag.
             Slain by a gnoll
             ... wielding a +0 whip
              (4 damage)
             ... on level 1 of the Dungeon.
             The game lasted 00:04:18 (1752 turns).

Charmandara the Conjurer (Draconian Wizard)         Turns: 1752, Time: 00:04:19

Health: -1/26      AC:  5    Str:  9    XL:     3   Next: 46%
Magic:  5/7        EV: 12    Int: 19    God:    Gozag
Gold:   83         SH:  0    Dex:  9    Spells: 3/8 levels left

rFire    . . .     SeeInvis .   j - +0 short sword
rCold    . . .     Gourm    .   (no shield)
rNeg     . . .     Faith    .   (armour unavailable)
rPois    .         Spirit   .   a - +0 hat
rElec    .         Reflect  .   (no cloak)
rCorr    .         Harm     .   (no gloves)
MR       .....                  (no boots)
Stlth    ++........             (no amulet)
HPRegen  0.08/turn              (no ring)
MPRegen  0.10/turn              (no ring)

@: no status effects
A: unfitting armour, cold-blooded, AC +5
a: Potion Petition, Call Merchant, Bribe Branch, Renounce Religion


You were on level 1 of the Dungeon.
You worshipped Gozag.
Gozag was noncommittal.
You were hungry.

You visited 1 branch of the dungeon, and saw 2 of its levels.

You collected 114 gold pieces.
You paid 31 gold pieces to Gozag.

Inventory:

Hand Weapons
 d - a +0 club
   (You took it off a hobgoblin on level 1 of the Dungeon)
 h - a +0 club
   (You took it off a hobgoblin on level 1 of the Dungeon)
 j - a +0 short sword (weapon)
   (You took it off a kobold on level 1 of the Dungeon)
Armour
 a - a +0 hat (worn)
Scrolls
 e - a scroll of identify {unknown}
 g - a scroll of amnesia {unknown}
Potions
 b - a potion of berserk rage {unknown}
 f - a potion of flight {unknown}
 i - a potion of mutation {unknown}
 k - a potion of heal wounds {unknown}
Comestibles
 c - 4 rations


   Skills:
 - Level 1.7 Dodging
 - Level 1.7 Stealth
 - Level 3.0 Spellcasting
 + Level 3.4 Conjurations
 - Level 1.0 Summonings
 - Level 1.0 Translocations


You had 3 spell levels left.
You knew the following spells:

 Your Spells              Type           Power        Failure   Level  Hunger
a - Magic Dart            Conj           ###.         3%          1    None
b - Blink                 Tloc           N/A          16%         2    ##.....
c - Call Imp              Summ           #.......     16%         2    ##.....

Your spell library contained the following spells:

 Spells                   Type           Power        Failure   Level  Hunger
 Slow                     Hex            #.......     22%         2    ##.....
 Conjure Flame            Conj/Fire      #.......     22%         3    ###....
 Mephitic Cloud           Conj/Pois/Air  #.......     28%         3    ###....


Dungeon Overview and Level Annotations

Branches:
Dungeon (2/15)

Altars:
Gozag
Uskayaw


Innate Abilities, Weirdness & Mutations

Your plain brown scales are hard. (AC +5)
You cannot fit into any form of body armour.
You are cold-blooded and may be slowed by cold attacks.


Message History

Found a hide-covered altar of Uskayaw.
There is an open door here.
There is a hide-covered altar of Uskayaw here.
You open the door.
There is an open door here.
The gnoll shouts!
Health restored: 26
Found a stone staircase leading up.
An adder comes into view.
You see here a scroll labeled LYUKKA VUS.
m - a scroll labeled LYUKKA VUS The gnoll barely misses you.
You don't know that spell.
Unknown command.
You aren't carrying any items that you can evoke.
Unknown command.
You miscast Call Imp.
Strange energies run through your body.
You now have 4/7 mp.
Unknown command.
A beastly little devil appears in a puff of frigid air.
The gnoll hits you with a +0 flail.
You take 2 damage, and have 24/26 hp.
You now have 2/7 mp.
Unknown command.
Your white imp hits the gnoll.
Your white imp freezes the gnoll.
You miscast Call Imp.
You hear strange voices.
The gnoll closely misses you.
Your white imp closely misses the gnoll.
You now have 0/7 mp.
Unknown command.
You don't have enough magic to cast that spell.
Unknown command.
You closely miss the gnoll.
The gnoll hits your white imp but does no damage.
Your white imp misses the gnoll.
You barely miss the gnoll.
Your white imp closely misses the gnoll.
The gnoll hits your white imp with a +0 flail!
Your white imp dies!
You hit the gnoll.
You tail-slap the gnoll, but do no damage.
The gnoll closely misses you.
You hit the gnoll but do no damage.
Your tail-slap misses the gnoll.
The gnoll misses you.
You barely miss the gnoll. The gnoll hits you but does no damage.
You closely miss the gnoll. The gnoll hits you with a +0 flail!
The gnoll barely misses you.
You take 10 damage, and have 15/26 hp.
MASSIVE DAMAGE!!
A beastly little devil appears in a puff of flame.
The gnoll hits you with a +0 flail.
You take 5 damage, and have 11/26 hp.
You now have 0/7 mp.
Unknown command.
The gnoll hits your crimson imp but does no damage.
Your crimson imp hits the gnoll.
The gnoll closely misses your crimson imp.
Your crimson imp hits the gnoll.
Your crimson imp hits the gnoll.
The gnoll dies!
You barely miss the gnoll. The gnoll hits you with a +0 whip.
The gnoll closely misses you.
Your crimson imp hits the gnoll but does no damage.
You take 1 damage, and have 10/26 hp.
Your crimson imp blinks!
The gnoll closely misses you.
You are feeling hungry.
All of the chunks of flesh in your inventory have rotted away.
A quokka comes into view.
There is a stone staircase leading up here.
The gnoll closely misses you.
You climb upwards.
There is a stone staircase leading down here.
Unknown command.
Unknown command.
Unknown command.
Your magical contamination has completely faded away.
You don't know that spell.
You don't know that spell.
Unknown command.
Unknown command.
You don't know that spell.
Unknown command.
You hit the gnoll. The gnoll barely misses you.
You hit the gnoll. The gnoll hits you with a +0 whip.
The gnoll hits you but does no damage.
You take 4 damage, and have 9/26 hp.
You hit the gnoll. The gnoll barely misses you.
Unknown command.
You hit the gnoll. The gnoll hits you with a +0 whip!
* * * LOW HITPOINT WARNING * * *
You take 7 damage, and have 2/26 hp.
MASSIVE DAMAGE!!
Unknown command.
Okay, then.
As you read the scroll labeled LYUKKA VUS, it crumbles to dust.
The creatures around you are filled with an inner flame!
It was a scroll of immolation.
The gnoll hits you with a +0 whip.
You die...
Your body crumbles into a pile of gold.

#........[.....รท.....
#.################### #.#
#############.# ..............#
..............# ..............#
#############
....###.#.....###...........#####
...............g@................
....####.....####............###.
....# #.....####............# #.
....# #..##...######...##...# #.
....# ##.##...# #...##...# #.
....# #..#...# #...##...###.
....# ##.#...# #.######.....
....# ####.....# #.# #..... ....#
#........# #.# #.....


You could see a gnoll (inner flame).

Vanquished Creatures
  An adder (D:2)
  2 dart slugs (D:1)
  A giant cockroach (D:2)
  2 goblins (D:2)
  4 hobgoblins
  A ball python (D:1)
  9 bats
  3 frilled lizards
  2 kobolds (D:1)
  4 rats (D:1)
29 creatures vanquished.

Vanquished Creatures (collateral kills)
  A gnoll (D:2)
1 creature vanquished.

Grand Total: 30 creatures vanquished

Notes
Turn   | Place    | Note
-------+----------+-------------------------------------------
     0 | D:1      | Charmandara the Draconian Wizard began the quest for the
                  | Orb.
     0 | D:1      | Reached XP level 1. HP: 14/14 MP: 4/4
   409 | D:1      | HP: 3/14 [hobgoblin/+0 club (4)]
   443 | D:1      | Reached skill level 2 in Conjurations
   444 | D:1      | HP: 3/14 [ball python (1)]
   537 | D:1      | Reached XP level 2. HP: 10/20 MP: 4/6
   541 | D:1      | Learned a level 2 spell: Blink
   544 | D:1      | Learned a level 2 spell: Call Imp
  1480 | D:2      | Reached skill level 3 in Conjurations
  1491 | D:2      | Found an opulent altar of Gozag.
  1518 | D:2      | Became a worshipper of Gozag Ym Sagoz the Greedy
  1538 | D:2      | Reached XP level 3. HP: 26/26 MP: 5/7
  1670 | D:2      | Found a hide-covered altar of Uskayaw.
  1740 | D:1      | HP: 2/26 [gnoll/+0 whip (7)]
  1752 | D:1      | Slain by a gnoll

Levels and vault maps discovered:
D:1:      dpeg_arrival_three_smaller_balls, layout_basic
D:2:      layout_basic, lemuel_doored_altar, grunt_gozag_breadcrumbs

Skill      XL: |  1  2 |
---------------+-------+-----
Conjurations   | 2 3 |  3.4
Dodging        | |  1.7
Stealth        | |  1.7
Spellcasting   | |  3.0
Summonings     | |  1.0
Translocations | |  1.0

Action                   || total
-------------------------++-------
Melee: Unarmed           ||    10
       Short sword       ||    21
       Tailslap          ||     3
 Cast: Magic Dart        ||    70
       Call Imp          ||     2
  Use: Scroll            ||     2
  Eat: Chunk             ||     2
Armor: Skin              ||    24
Dodge: Dodged            ||    66

Table legend:
 A = Non-vault XP
 B = Vault XP
 C = Vault XP percentage of total XP
 D = Non-vault monster count
 E = Vault monster count
 F = Vault count percentage of total count
                 A         B        C        D         E       F
            +---------+---------+-------+---------+---------+-------
      Total |      67 |       0 |   0.0 |      30 |       0 |   0.0
            +---------+---------+-------+---------+---------+-------
        D:1 |      35 |       0 |   0.0 |      22 |       0 |   0.0
        D:2 |      32 |       0 |   0.0 |       8 |       0 |   0.0
            +---------+---------+-------+---------+---------+-------

Levels and vault maps discovered:
D:1:      dpeg_arrival_three_smaller_balls, layout_basic
D:2:      layout_basic, lemuel_doored_altar, grunt_gozag_breadcrumbs

Table legend:
 A = Turns spent in this place as a percentage of turns spent in the entire game.
 B = Non-inter-level travel turns spent in this place as a percentage of non-inter-level travel turns spent in the entire game.
 C = Inter-level travel turns spent in this place as a percentage of turns spent in this place.
 D = Turns resting spent in this place as a percentage of non-inter-level travel turns spent in this place.
 E = Turns spent auto-exploring this place as a percentage of non-inter-level travel turns spent in this place.
 F = Non-inter-level travel turns spent in this place divided by the number of levels of this place that you've seen.
                   A       B       C       D       E      F
               +-------+-------+-------+-------+-------+----------------------
         Total | 100.0 | 100.0 |   1.1 |  31.7 |  37.6 | 866.0
       Dungeon | 100.0 | 100.0 |   1.1 |  31.7 |  37.6 | 866.0
               +-------+-------+-------+-------+-------+----------------------

Table legend:
 A = Kills in this place as a percentage of kills in entire the game.
 B = Kills by you in this place as a percentage of kills by you in the entire game.
 C = Kills by friends in this place as a percentage of kills by friends in the entire game.
 D = Other kills in this place as a percentage of other kills in the entire game.
 E = Experience gained in this place as a percentage of experience gained in the entire game.
 F = Experience gained in this place divided by the number of levels of this place that you have seen.
                   A       B       C       D       E      F
               +-------+-------+-------+-------+-------+----------------------
         Total | 100.0 | 100.0 | 100.0 |   N/A | 100.0 |  33.5
       Dungeon | 100.0 | 100.0 | 100.0 |   N/A | 100.0 |  33.5
               +-------+-------+-------+-------+-------+----------------------
